 Seeded DCSS version 0.29-a0-22-gbf593b16ee (webtiles) character file.

Game seed: 11 (custom seed)

288 knot the Chopper (level 6, -1/47 HPs)
             Began as a Demonspawn Berserker on Jan 30, 2022.
             Was a Follower of Trog.
             Slain by an ufetubus (5 damage)
             ... summoned by Eustachio
             ... on level 4 of the Dungeon.
             The game lasted 00:02:20 (3596 turns).

knot the Chopper (Demonspawn Berserker)             Turns: 3596, Time: 00:02:21

Health: -1/47      AC:  2    Str: 17    XL:     6   Next: 9%
Magic:  6/6        EV: 12    Int: 10    God:    Trog [*.....]
Gold:   138        SH:  0    Dex: 13    Spells: 5/5 levels left

rFire   . . .      SeeInvis .   a - +0 hand axe
rCold   . . .      Faith    .   (no shield)
rNeg    . . .      Spirit   .   b - +0 animal skin
rPois   .          Reflect  .   (no helmet)
rElec   .          Harm     .   (no cloak)
rCorr   .          Rampage  .   (no gloves)
Will    .....                   (no boots)
Stlth   +.........              (no amulet)
HPRegen 0.15/turn               (no ring)
MPRegen 0.10/turn               (no ring)

@: on berserk cooldown, slowed, very slow
A: powered by death 1, sturdy frame 1, weakness stinger 1
a: Renounce Religion, Berserk


You were on level 4 of the Dungeon.
You worshipped Trog.
Trog was aware of your devotion.
You visited 1 branch of the dungeon, and saw 4 of its levels.

You collected 138 gold pieces.

Inventory:

Hand Weapons
 a - a +0 hand axe (weapon)
Missiles
 d - 39 stones (quivered)
 f - 8 boomerangs
Armour
 b - a +0 animal skin (worn)
Scrolls
 e - 5 scrolls of identify {unknown}
 i - a scroll of enchant weapon {unknown}
 k - a scroll of teleportation {unknown}
 l - a scroll of fog {unknown}
 n - a scroll of fear {unknown}
Potions
 c - 3 potions of brilliance {unknown}
 g - a potion of mutation {unknown}
 h - 2 potions of lignification {unknown}
 j - a potion of curing {unknown}
 m - a potion of flight {unknown}
 o - a potion of magic {unknown}
 p - a potion of invisibility {unknown}


   Skills:
 - Level 3.0 Fighting
 + Level 6.3 Axes
 - Level 1.7 Armour
 - Level 1.7 Dodging


You had 5 spell levels left.
You didn't know any spells.
Your spell library was empty.

Dungeon Overview and Level Annotations

Branches:
Dungeon (4/15)
 Temple: D:4-7

Altars:
Ashenzari
Cheibriados
Dithmenos
Elyvilon
Makhleb
Ru
Trog
Vehumet
Yredelemnul

Annotations:
D:4 Eustachio


Innate Abilities, Weirdness & Mutations

You regenerate a little health from kills.
Your movements are slightly less encumbered by armour. (ER -2)
You have a small tail.


Message History

The iguana hisses menacingly.
The iguana barely misses you.
You slash the iguana!
The iguana is severely wounded.
You slash the iguana!
You kill the iguana!
Trog accepts your kill.
Eustachio casts a spell.
Eustachio blinks!
You have reached level 6!
Your demonic ancestry asserts itself...
You grow a small tail.
Eustachio hits you with a +0 rapier!
* * * LOW HITPOINT WARNING * * *
You slash Eustachio!
Eustachio is moderately wounded.
You slash Eustachio!
Eustachio is heavily wounded.
Eustachio closely misses you.
You closely miss Eustachio.
Eustachio is heavily wounded.
You are no longer berserk.
You are exhausted.
You feel yourself slow down.
Eustachio casts a spell.
You closely miss Eustachio.
Eustachio is heavily wounded.
You hit the quasit but do no damage. The quasit closely misses you.
The quasit claws you but does no damage.
The quasit closely misses you. Eustachio hits you with a +0 rapier.
* * * LOW HITPOINT WARNING * * *
You miss Eustachio.
Eustachio is heavily wounded.
You miss the quasit. The quasit barely misses you.
The quasit closely misses you.
The quasit claws you but does no damage.
The ufetubus hits you.
* * * LOW HITPOINT WARNING * * *
The ufetubus hits you.
You die...

# ####.## ....# #.# # #.#
#....# #.# # #.# #....####
#.# #### #.# #.......# #.##
...####.# ####.......# #...
......#.. .....#....# ####
......### #..#†...######
......########..?..........
............##..@5...####
###########.##.@5....#
#.##..5...## #.##......#
#.##......# #.##...#?##
#.##...... #.##.....######
#.##...$....@.#


You could see Eustachio, a quasit (summoned) and 2 ufetubi.

Vanquished Creatures
  A phantom (D:4)
  A scorpion (D:4)
  A bullfrog skeleton (D:4)
  An iguana (D:4)
  4 gnolls (D:4)
  An adder (D:2)
  A river rat (D:3)
  A worm (D:2)
  A dart slug (D:3)
  An orc (D:3)
  5 endoplasms
  3 giant cockroaches
  3 goblins
  A hobgoblin (D:2)
  2 jackals (D:2)
  A quokka (D:3)
  6 ball pythons
  5 bats
  A frilled lizard (D:2)
  6 kobolds
  A rat (D:3)
47 creatures vanquished.

Notes
Turn   | Place    | Note
-------+----------+-------------------------------------------
     0 | D:1      | knot the Demonspawn Berserker began the quest for the Orb.
     0 | D:1      | Reached XP level 1. HP: 18/18 MP: 1/1
    50 | D:1      | Reached skill level 3 in Axes
   330 | D:1      | Gained mutation: You regenerate a little health from kills.
                  | [demonic ancestry]
   330 | D:1      | Reached XP level 2. HP: 24/24 MP: 2/2
   352 | D:1      | You fall into a shaft and drop 1 floor!
   759 | D:2      | Gained mutation: Your movements are slightly less
                  | encumbered by armour. (ER -2) [demonic ancestry]
   759 | D:2      | Reached XP level 3. HP: 29/29 MP: 3/3
   952 | D:2      | Reached skill level 4 in Axes
  1310 | D:2      | Reached ** piety under Trog
  1828 | D:3      | Found a glowing drain.
  2136 | D:3      | Found a shadowy altar of Dithmenos.
  2139 | D:3      | Found a bloodstained altar of Trog.
  2140 | D:3      | Found a basalt altar of Yredelemnul.
  2140 | D:3      | Found a radiant altar of Vehumet.
  2140 | D:3      | Found a burning altar of Makhleb.
  2142 | D:3      | Found a broken altar of Ashenzari.
  2143 | D:3      | Found a snail-covered altar of Cheibriados.
  2145 | D:3      | Found a sacrificial altar of Ru.
  2563 | D:4      | Reached XP level 4. HP: 20/35 MP: 4/4
  2706 | D:4      | Noticed a scorpion
  2712 | D:4      | Killed a scorpion
  2713 | D:4      | Reached skill level 5 in Axes
  2713 | D:4      | Reached XP level 5. HP: 40/41 MP: 5/5
  3568 | D:4      | Noticed a phantom
  3569 | D:4      | Noticed Eustachio
  3585 | D:4      | Killed a phantom
  3586 | D:4      | Reached skill level 6 in Axes
  3591 | D:4      | Gained mutation: You have a small tail. [demonic ancestry]
  3591 | D:4      | Reached XP level 6. HP: 24/47 MP: 6/6
  3596 | D:4      | Slain by an ufetubus

Illustrated notes

Levels and vault maps discovered:
D:1:      minmay_arrival_nine_rooms, layout_rooms, basic_ecumenical_altar
D:2:      layout_basic
D:3:      layout_loops_ring, minitemple, portal_sewer_entry_b,
          lemuel_old_faithful
D:4:      layout_basic, uniq_eustachio

Skill      XL: |  1  2  3  4  5 |
---------------+----------------+-----
Axes           | 3 4 5 6 |  6.3
Fighting       | |  3.0
Armour         | |  1.7
Dodging        | |  1.7

Action                   |  1- 3 |  4- 6 || total
-------------------------+-------+-------++-------
Melee: Hand axe          |   112 |    32 ||   144
       Punch             |     2 |       ||     2
Throw: Stone             |     1 |       ||     1
Invok: Berserk           |     2 |     3 ||     5
 Stab: Sleeping          |     2 |     1 ||     3
Armor: Animal skin       |    20 |     5 ||    25
Dodge: Dodged            |    81 |    22 ||   103

Table legend: (Time is in decaauts)
 A = Elapsed time spent in this place.
 B = Non-inter-level travel time spent in this place.
 C = Inter-level travel time spent in this place.
 D = Time resting spent in this place.
 E = Time spent auto-exploring this place.
 F = Levels seen in this place.
 G = Mean time per level.
                   A        B        C        D        E       F      G
               +--------+--------+--------+--------+--------+-----+--------+
         Total |   3644 |   3582 |     62 |    752 |   2491 |   4 |  911.0 |
       Dungeon |   3644 |   3582 |     62 |    752 |   2491 |   4 |  911.0 |
               +--------+--------+--------+--------+--------+-----+--------+

Top non-repeatable levels by time:
     D:2: 1160 daAuts
     D:4: 1109 daAuts
     D:3: 1014 daAuts
     D:1: 360 daAuts
